 Dungeon Crawl Stone Soup version 0.30.0-29-ga12c61a403 (webtiles) character file.

Game seed: 2546151383095999620

123 hawla the Firebug (level 4, -11/24 HPs)
             Began as a Deep Elf Fire Elementalist on June 7, 2023.
             Was an Initiate of Vehumet.
             Mangled by an iguana (13 damage)
             ... on level 4 of the Dungeon.
             The game lasted 00:05:24 (981 turns).

hawla the Firebug (Deep Elf Fire Elementalist)       Turns: 981, Time: 00:05:24

Health: -11/24     AC:  2    Str:  5    XL:     4   Next: 79%
Magic:  12/12      EV: 13    Int: 22    God:    Vehumet [......]
Gold:   28         SH:  0    Dex: 15    Spells: 8/11 levels left

rFire   . . .        h - +0 dagger
rCold   . . .        (no shield)
rNeg    . . .        a - +0 robe
rPois   .            (no helmet)
rElec   .            e - scarf {repulsion}
rCorr   .            (no gloves)
SInv    .            (no boots)
Will    .....        (no amulet)
Stlth   ++           (no ring)
HPRegen 0.24/turn    (no ring)
MPRegen 0.13/turn

%: repel missiles
@: no status effects
A: no striking features
a: Renounce Religion


You were on level 4 of the Dungeon.
You worshipped Vehumet.
Vehumet was noncommittal.
You visited 2 branches of the dungeon, and saw 5 of its levels.

You collected 28 gold pieces.

Inventory:

Hand Weapons
 h - a +0 dagger (weapon)
Armour
 a - a +0 robe (worn)
 e - a scarf of repulsion (worn)
Scrolls
 d - a scroll of fog {unknown}
 g - a scroll of identify {unknown}
Potions
 c - 2 potions of curing
 f - a potion of might {unknown}


   Skills:
 + Level 0.1 Fighting
 + Level 3.1 Dodging
 + Level 3.2 Stealth
 + Level 4.1 Spellcasting
 + Level 2.2 Conjurations
 + Level 4.4 Fire Magic


You had 8 spell levels left.
You knew the following spells:

 Your Spells              Type           Power      Damage    Failure   Level
a - Foxfire               Conj/Fire      76%        2x1d7     2%          1
b - Scorch                Fire           48%        2d7       2%          2

Your spell library contained the following spells:

 Spells                   Type           Power      Damage    Failure   Level
 Summon Small Mammal      Summ           16%        N/A       11%         1
 Inner Flame              Hex/Fire       14%        N/A       13%         3
 Volatile Blastmotes      Fire/Tloc      28%        2d12      13%         3
 Flame Wave               Conj/Fire      19%        2d7       28%         4
 Call Canine Familiar     Summ           4%         N/A       32%         3
 Portal Projectile        Hex/Tloc       8%         N/A       32%         3
 Summon Guardian Golem    Hex/Summ       4%         N/A       32%         3
 Tukima's Dance           Hex            4%         N/A       32%         3
 Blade Hands              Tmut           2%         N/A       97%         5
 Yara's Violent Unravell  Hex/Tmut       2%         3d3       97%         5
 Enfeeble                 Hex            2%         N/A       100%        7


Dungeon Overview and Level Annotations

Branches:
Dungeon (4/15)             Temple (1/1) D:4

Altars:
Cheibriados
Dithmenos
Hepliaklqana
Okawaru
Qazlal
Ru
Vehumet
Yredelemnul
Zin

Shops:
D:2 [


Message History

Unknown command.
You closely miss the iguana.
The iguana is heavily wounded.
You feel sick.
You are no longer poisoned.
The foxfire hits the iguana.
The iguana is burned terribly!
The iguana is severely wounded.
The foxfire hits the iguana but does no damage.
The iguana is severely wounded.
The iguana completely misses you.
Casting: Foxfire (safe; 2% risk of failure)
Confirm with . or Enter, or press ? or * to list all spells.
You don't have enough magic to cast this spell.
Unknown command.
You hit the iguana but do no damage.
The iguana is severely wounded.
The iguana bites you.
You hit the iguana but do no damage.
The iguana is severely wounded.
The iguana is no longer more vulnerable to fire.
The iguana bites you!
You hit the iguana.
The iguana is almost dead.
The iguana bites you!
* * * LOW HITPOINT WARNING * * *
It was a potion of curing.
You feel better. The iguana barely misses you.
Casting: Foxfire (safe; 2% risk of failure)
Confirm with . or Enter, or press ? or * to list all spells.
You conjure some foxfire!
The iguana bites you!
* * * LOW HITPOINT WARNING * * *
You hit the iguana but do no damage.
The iguana is almost dead.
The foxfire hits the iguana but does no damage.
The iguana is almost dead.
The foxfire hits the iguana.
The iguana is almost dead.
The iguana barely misses you. Magic courses through your body.
The iguana bites you!
Ouch! That really hurt!
You die...

#. #. .## #. ....
.##.. #. .##. .... #.
#.#.... #..# .. . #
#....#.....#.##.#
#.##..#.#.##... .. .
#...§.#......##.# ...
#.§@l†##.§..§.#..#.
##.##......##......
#....#.##..$l##.
####.##.#...§##.....#
$..........#.....#..#
###÷##.##.#..##.#. #
#................
#..##.#..<#####.
#.......#.......#


You could see an iguana.

Vanquished Creatures
  A scorpion (D:4)
  3 adders
  A dart slug (D:4)
  6 orcs (D:3)
  An endoplasm (D:2)
  A giant cockroach (D:3)
  4 goblins
  3 hobgoblins (D:3)
  A quokka (D:3)
  2 ball pythons (D:3)
  3 bats
  A frilled lizard (D:2)
  A kobold (D:3)
  3 rats
31 creatures vanquished.

Vanquished Creatures (others)
  93 foxfires
93 creatures vanquished.

Grand Total: 124 creatures vanquished

Notes
Turn   | Place    | Note
-------+----------+-------------------------------------------
     0 | D:1      | hawla the Deep Elf Fire Elementalist began the quest for
                  | the Orb.
     0 | D:1      | Reached XP level 1. HP: 10/10 MP: 6/6
    21 | D:2      | Found Isiew's Antique Armour Shoppe.
   159 | D:3      | Reached XP level 2. HP: 15/15 MP: 5/8
   162 | D:3      | Learned a level 2 spell: Scorch
   430 | D:3      | Reached XP level 3. HP: 19/19 MP: 5/9
   651 | D:4      | Noticed a scorpion
   653 | D:4      | Found a staircase to the Ecumenical Temple.
   658 | D:4      | Killed a scorpion
   659 | D:4      | Reached XP level 4. HP: 16/24 MP: 3/11
   678 | Temple   | Entered the Ecumenical Temple
   936 | Temple   | Became a worshipper of Vehumet
   979 | D:4      | HP: 1/24 [iguana (11)]
   981 | D:4      | Mangled by an iguana

Illustrated notes

Levels and vault maps discovered:
D:1:      eino_arrival_water_cross, layout_loops_ring,
          hangedman_decor_diamond_cutter, minivault_5
D:2:      minmay_alternating_diamond, layout_basic, serial_shops,
          nicolae_shop_overgrown_old_shop
D:3:      layout_rooms, ebering_ecumenical_altar_sacrificial, nicolae_titane,
          uniq_natasha
D:4:      layout_loops_ring, xom_teletrap_fun,
          nicolae_gozag_cash_rules_everything_around_me, tgw_kikubaaqudgha,
          mainiacjoe_overflow_large_starburst, minmay_temple_entry_ruins,
          serial_shops, kennysheep_mini, chequers_serial_rivers_small_b
Temple:   chequers_temple_sunken

Skill      XL: |  1  2  3  4 |
---------------+-------------+-----
Dodging        | 3 |  3.1
Stealth        | 3 |  3.2
Fire Magic     | 4 |  4.4
Spellcasting   | 4 |  4.1
Conjurations   | 2 |  2.2
Fighting       | |  0.1

Action                     |  1- 3 |  4- 6 || total
---------------------------+-------+-------++-------
  Melee: Unarmed           |     7 |       ||     7
         Dagger            |       |     8 ||     8
   Cast: Foxfire           |    40 |    17 ||    57
         Scorch            |     3 |     1 ||     4
    Use: Potion            |       |     2 ||     2
 Armour: Robe              |     2 |       ||     2
  Dodge: Dodged            |     7 |     4 ||    11
         Repelled          |     1 |     1 ||     2
